 Dungeon Crawl Stone Soup version 0.27-a0-512-g57cc695410 (webtiles) character file.

Game seed: 11625075421598826899

32 siradein the Sneak (level 3, -1/27 HPs)
             Began as a Human Brigand on Mar 3, 2021.
             Killed from afar by Robin (5 damage)
             ... with a puff of flame
             ... on level 2 of the Dungeon.
             The game lasted 00:03:22 (1463 turns).

siradein the Sneak (Human Brigand)                  Turns: 1463, Time: 00:03:23

Health: -1/27      AC:  5    Str: 11    XL:     3   Next: 45%
Magic:  3/3        EV:  8    Int: 11    God:
Gold:   65         SH:  7    Dex: 15    Spells: 2/2 levels left

rFire    . . .     SeeInvis .   a - +2 dagger
rCold    . . .     Faith    .   l - +0 kite shield
rNeg     . . .     Spirit   .   o - +0 leather armour
rPois    .         Reflect  .   h - +0 helmet
rElec    .         Harm     .   c - +0 cloak
rCorr    .         Rampage  .   (no gloves)
Will     .....                  (no boots)
Stlth    ++........             (no amulet)
HPRegen  0.09/turn              (no ring)
MPRegen  0.08/turn              (no ring)

@: no status effects
A: no striking features
a: no special abilities


You were on level 2 of the Dungeon.
You visited 1 branch of the dungeon, and saw 2 of its levels.

You collected 65 gold pieces.

Inventory:

Hand Weapons
 a - a +2 dagger (weapon)
Missiles
 d - 5 poisoned darts (quivered)
 e - 2 curare-tipped darts
 g - 17 sling bullets
 j - 104 stones
Armour
 c - a +0 cloak (worn)
 h - a +0 helmet (worn)
 l - a +0 kite shield (worn)
 o - a +0 leather armour (worn)
Scrolls
 f - 5 scrolls of identify {unknown}
Potions
 b - a potion of lignification {unknown}
 i - a potion of invisibility {unknown}
 k - a potion of brilliance {unknown}
 m - 2 potions of flight {unknown}
 n - a potion of mutation {unknown}


   Skills:
 - Level 2.0 Fighting
 + Level 2.9 Short Blades
 + Level 2.9 Throwing
 - Level 1.0 Dodging
 - Level 4.0 Stealth


You had 2 spell levels left.
You didn't know any spells.
Your spell library was empty.

Dungeon Overview and Level Annotations

Branches:
Dungeon (2/15)

Altars:
Ru

Annotations:
D:2 Robin


Message History

You barely miss the bat. You block the bat's attack. x2
Robin hits you from afar with a +0 spear.
You barely miss the bat. The bat hits you.
Robin hits you from afar with a +0 spear.
* * * LOW HITPOINT WARNING * * *
The bat hits you but does no damage. You block Robin's attack.
You block the bat's attack. You block the bat's attack.
You see here a leopard gecko corpse.
The bat barely misses you. The bat hits you but does no damage.
You barely miss the bat. The bat barely misses you. You block Robin's attack.
The bat hits you but does no damage. x2
The bat hits you but does no damage.
You hit the bat.
You kill the bat!
Robin barely misses you.
Robin roars a battlecry!
Throw: 8 darts (poison)
Press: ? - help, Q - select action, (/) - cycle Shift-Dir - straight line, f - Robin
Aim: Robin, wielding a +0 spear, wearing a +0 animal skin, wearing a +0 helmet and carrying a wand of flame (8) (68% to hit)
You throw a poisoned dart. The poisoned dart closely misses Robin.
Robin roars a battlecry!
Throw: 7 darts (poison)
Press: ? - help, Q - select action, (/) - cycle Shift-Dir - straight line, f/p - Robin
Aim: Robin, wielding a +0 spear, wearing a +0 animal skin, wearing a +0 helmet and carrying a wand of flame (8) (68% to hit)
You throw a poisoned dart. The poisoned dart hits Robin.
Robin's bangles clink loudly.
Robin zaps a wand.
The puff of flame hits you but does no damage.
A hobgoblin comes into view. It is wielding a +0 club.
Robin zaps a wand.
The puff of flame hits you.
* * * LOW HITPOINT WARNING * * *
Throw: 6 darts (poison)
Press: ? - help, Q - select action, (/) - cycle Shift-Dir - straight line, f/p - Robin
Aim: Robin, wielding a +0 spear, wearing a +0 animal skin, wearing a +0 helmet and carrying a wand of flame (6) (68% to hit)
You throw a poisoned dart. The poisoned dart hits Robin.
Robin is poisoned.
A hobgoblin comes into view.
Robin zaps a wand.
The puff of flame hits you.
You die...

#.#### #.. #.# ..
#.# #.# ...
#.######.# ##
#..†..##.# #.. ##[.
.######.##.# .....
.# ........##.#
#!.# .#
.#####.@##.####..#
.#
#...........###)#.#
##......###.#..)...
#......# #.#.#)#.#
##....g†###...#g#
.........gg(†..$#.#
####......###.#.#.#
####..## #.#.#..
#..# #<#.###


You could see Robin (poisoned) and 2 hobgoblins.

Vanquished Creatures
  An ooze (D:2)
  A leopard gecko (D:2)
  5 bats
  A giant cockroach (D:1)
  8 goblins
  2 hobgoblins
  3 kobolds (D:1)
  2 frilled lizards (D:1)
  2 rats (D:1)
25 creatures vanquished.

Notes
Turn   | Place    | Note
-------+----------+-------------------------------------------
     0 | D:1      | siradein the Human Brigand began the quest for the Orb.
     0 | D:1      | Reached XP level 1. HP: 16/16 MP: 1/1
   148 | D:1      | Reached XP level 2. HP: 16/22 MP: 2/2
  1348 | D:2      | Reached XP level 3. HP: 17/27 MP: 3/3
  1437 | D:2      | Found a sacrificial altar of Ru.
  1438 | D:2      | Noticed Robin
  1463 | D:2      | Killed from afar by Robin

Illustrated notes

Levels and vault maps discovered:
D:1:      minmay_arrival_split_and_join, layout_loops_corners,
          serial_bayou_pond_d
D:2:      layout_loops_ring, nicolae_ru_sacrificial_ziggurat, uniq_robin,
          uniq_terence

Action                   || total
-------------------------++-------
Melee: Dagger            ||    58
Throw: Dart              ||     3
 Stab: Sleeping          ||     8
Armor: Robe              ||     6
       Leather armour    ||    11
Dodge: Dodged            ||    23
Block: Kite shield       ||    12

Table legend: (Time is in decaauts)
 A = Elapsed time spent in this place.
 B = Non-inter-level travel time spent in this place.
 C = Inter-level travel time spent in this place.
 D = Time resting spent in this place.
 E = Time spent auto-exploring this place.
 F = Levels seen in this place.
 G = Mean time per level.
                   A        B        C        D        E       F      G
               +--------+--------+--------+--------+--------+-----+--------+
         Total |   1465 |   1459 |      6 |      0 |   1219 |   2 |  732.5 |
       Dungeon |   1465 |   1459 |      6 |      0 |   1219 |   2 |  732.5 |
               +--------+--------+--------+--------+--------+-----+--------+

Top non-repeatable levels by time:
     D:1: 1270 daAuts
     D:2: 195 daAuts
